 Dungeon Crawl Stone Soup version 0.18.1-50-g88ac8fd (webtiles) character file.

4615 Gargoyl the Protected (level 10, 0/77 HPs)
             Began as a Demonspawn Abyssal Knight on Oct 10, 2016.
             Was an Elder of Lugonu.
             Succumbed to a water moccasin's poison
             ... on level 7 of the Dungeon.
             The game lasted 00:22:37 (10245 turns).

Gargoyl the Protected (Demonspawn Abyssal Knight)  Turns: 10245, Time: 00:22:38

Health: 0/77       AC: 16    Str: 21    XL:     10   Next: 19%
Magic:  16/16      EV:  8    Int: 17    God:    Lugonu [****..]
Gold:   162        SH:  3    Dex: 12    Spells: 0 memorised, 9 levels left

rFire  . . .     SeeInvis +     u - +5 battleaxe of Plunder {speed, rN+ Int+4}
rCold  . . .     Gourm    .     i - +1 plate armour
rNeg   + . .     Faith    .     (shield currently unavailable)
rPois  .         Spirit   .     (helmet restricted)
rElec  .         Dismiss  .     d - +2 cloak
rCorr  .         Reflect  .     (no gloves)
SustAt .         Harm     .     (no boots)
MR     +....                    (no amulet)
Stlth  ..........               p - ring of protection from magic
                                q - ring of see invisible

@: lethally poisoned (0 -> -4), somewhat resistant to hostile enchantments,
extremely unstealthy
A: antennae 2, large bone plates 2, deformed body, slow regeneration 1, strong
2, wild magic 1, rot immunity, sturdy frame 1
a: Depart the Abyss, Bend Space, Banish, Corrupt, Renounce Religion


You were on level 7 of the Dungeon.
You worshipped Lugonu.
Lugonu was greatly pleased with you.
You were not hungry.

You visited 1 branch of the dungeon, and saw 8 of its levels.
You visited the Abyss 1 time.

You collected 392 gold pieces.
You spent 230 gold pieces at shops.

Inventory:

Hand Weapons
 r - a +0 war axe
 u - the +5 battleaxe of Plunder (weapon) {speed, rN+ Int+4}
   (You bought it in a shop on level 6 of the Dungeon)

   Attacks with this weapon are significantly faster.
   It affects your intelligence (+4).
   It protects you from negative energy.
Missiles
 w - 4 steel tomahawks (quivered)
Armour
 d - a +2 cloak (worn)
 i - a +1 plate armour (worn)
Jewellery
 j - a +2 ring of protection
 p - a ring of protection from magic (right hand)
 q - a ring of see invisible (left hand)
 z - an uncursed amulet of faith {unknown}
Wands
 l - a wand of paralysis (14/24)
 m - a wand of slowing (32/48)
 s - a wand of lightning (3/15)
 v - a wand of digging (7/24)
 x - a wand of lightning (4/15)
Scrolls
 b - a scroll of teleportation
 e - 4 scrolls of remove curse
 h - 2 scrolls of identify
 t - 2 scrolls of recharging
 y - a scroll of magic mapping {unknown}
Potions
 g - a potion of flight
 k - a potion of brilliance
Comestibles
 c - a bread ration
 f - a royal jelly
 n - 4 meat rations
 o - 2 fruits


   Skills:
 + Level 6.4 Fighting
 + Level 6.6 Axes
 * Level 9.1 Armour
 + Level 2.6 Dodging
 * Level 8.6 Invocations
 + Level 0.2 Evocations


You had 9 spell levels left.
You didn't know any spells.

Dungeon Overview and Level Annotations

Branches:
Dungeon (8/15)             Temple (0/1) D:5
   Lair: D:8-11

Altars:
Fedhas
Nemelex Xobeh
Qazlal
Sif Muna
Vehumet
Yredelemnul
Zin

Shops:
D:6 =%(


Innate Abilities, Weirdness & Mutations

You have a pair of antennae on your head.
You are mostly covered in large bone plates (AC +3, SH +3).
You are immune to rotting.
Armour fits poorly on your strangely shaped body.
You regenerate slowly when monsters are visible.
Your muscles are very strong. (Str +4)
Your spells are a little harder to cast, but a little more powerful.
Your movements are slightly less encumbered by armour (ER -2).


Message History

You feel sick.
You continue eating.
* * * LOW HITPOINT WARNING * * *
You feel sick.
You continue eating.
* * * LOW HITPOINT WARNING * * *
You feel sick.
You finish eating.
That bread ration really hit the spot!
* * * LOW HITPOINT WARNING * * *
You feel sick.
Drink which item? (? for menu, Esc to quit)
Okay, then.
* * * LOW HITPOINT WARNING * * *
You feel sick.
You see here an orc corpse.
* * * LOW HITPOINT WARNING * * *
You feel sick.
* * * LOW HITPOINT WARNING * * *
You feel sick.
You die...

###.###.........# #.#
#..)..########+## #.#
#.#.#.# ##...##
########.## #.#.#.#
##.....###........##
###.#.).#
##[......##.#####..##
#.......####..>......#.#
#..##
#.#........+.†.......'.#
#..##
#.#.....####.........#.#
#.## #.#.....#
##..@....##.#####_#
#.#.###.#
##.....###.......#
#.#.###.# ##...##
####.#### #.......#
##'## #.# ###.##### #.#
#.## #.# #.# #..# #.#
##.## ##.# #.# ##...##
#.# #.##########.....#
#.#


There were no monsters in sight!

Vanquished Creatures
  An oklob plant (D:8)
  Psyche (D:8)
  A hippogriff (D:5)
  A hungry ghost (D:8)
  3 water moccasins
  An orc warrior (D:7)
  A black bear (D:6)
  An ice beast (D:5)
  A necrophage (D:4)
  2 sky beasts
  The ghost of BTG the Covered, an amateur HuFi (D:3)
  2 ogres
  2 phantoms
  A centaur (D:6)
  3 giant frogs (D:6)
  A wyvern skeleton (D:7)
  A scorpion (D:5)
  6 killer bees (D:7)
  4 howler monkeys
  4 crimson imps
  6 orc priests
  3 hounds
  A jelly (D:8)
  8 orc wizards
  Ijyb (D:2)
  9 worker ants
  A killer bee zombie (D:6)
  Robin (D:4)
  2 howler monkey skeletons
  7 adders
  A shadow imp (D:8)
  An ooze (D:1)
  An adder skeleton (D:5)
  A worm (D:2)
  A dart slug (D:3)
  2 giant geckos
  26 orcs
  8 bats
  4 giant cockroaches
  22 goblins
  7 hobgoblins
  10 jackals
  6 kobolds
  2 quokkas (D:3)
  2 ball pythons (D:3)
  5 giant newts
  13 rats
  A spectral orc (D:7)
190 creatures vanquished.

Vanquished Creatures (others)
  The ghost of BTG the Sneak, a novice HuAs (D:6)
  An orc warrior (D:6)
  3 ogres
  A scorpion (D:5)
  A crimson imp (D:5)
  A bat (D:3)
8 creatures vanquished.

Grand Total: 198 creatures vanquished

Notes
Turn   | Place    | Note
--------------------------------------------------------------
     0 | Abyss:1  | Gargoyl the Demonspawn Abyssal Knight began the quest for the Orb.
     0 | Abyss:1  | Reached XP level 1. HP: 18/18 MP: 2/2
    42 | Abyss:1  | Noticed a flying skull
    48 | D:1      | Escaped the Abyss
   234 | D:1      | Reached * piety under Lugonu
   352 | D:1      | Reached skill level 2 in Armour
   357 | D:1      | Gained mutation: You are immune to rotting. [demonic ancestry]
   357 | D:1      | Reached XP level 2. HP: 19/24 MP: 3/3
   837 | D:1      | Reached skill level 1 in Dodging
  1425 | D:2      | Gained mutation: You have a pair of small antennae on your head. [demonic ancestry]
  1425 | D:2      | Reached XP level 3. HP: 29/30 MP: 4/4
  1553 | D:2      | Noticed Ijyb
  1596 | D:2      | Killed Ijyb
  1596 | D:2      | Reached XP level 4. HP: 27/37 MP: 5/5
  1888 | D:2      | Reached ** piety under Lugonu
  1910 | D:2      | Found a radiant altar of Vehumet.
  2160 | D:3      | Found a stormy altar of Qazlal.
  2160 | D:3      | Found a blossoming altar of Fedhas.
  2204 | D:3      | Reached skill level 3 in Armour
  2848 | D:3      | Noticed BTG's ghost (amateur HuFi)
  2883 | D:3      | Killed BTG's ghost
  2883 | D:3      | Reached XP level 5. HP: 42/42 MP: 7/7
  2991 | D:3      | HP: 2/42 [orc priest/nerve-wracking pain (8)]
  2992 | D:3      | Reached skill level 4 in Armour
  3405 | D:3      | Reached *** piety under Lugonu
  3448 | D:4      | Reached XP level 6. HP: 25/48 MP: 8/8
  4335 | D:4      | Reached XP level 7. HP: 29/55 MP: 8/10
  4372 | D:4      | Reached skill level 5 in Armour
  5027 | D:4      | HP: 1/55 [ogre/giant club (16)]
  5444 | D:4      | Noticed Robin
  5457 | D:4      | Killed Robin
  5627 | D:5      | Entered Level 5 of the Dungeon
  5729 | D:5      | Reached skill level 5 in Invocations
  6085 | D:5      | Reached skill level 5 in Fighting
  6085 | D:5      | Gained mutation: You are partially covered in large bone plates (AC +2, SH +2). [demonic ancestry]
  6085 | D:5      | Reached XP level 8. HP: 40/62 MP: 10/12
  6370 | D:5      | Reached skill level 6 in Armour
  6592 | D:5      | Found a deep blue altar of Sif Muna.
  6690 | D:5      | Found a staircase to the Ecumenical Temple.
  7315 | D:6      | Gained mutation: Your spells are a little harder to cast, but a little more powerful. [potion of mutation]
  7315 | D:6      | Gained mutation: Armour fits poorly on your strangely shaped body. [potion of mutation]
  7315 | D:6      | Gained mutation: Potions and wands are less effective at restoring your health. [potion of mutation]
  7621 | D:6      | Found Qyaps's Jewellery Shoppe.
  7755 | D:6      | Found Asikesuc's Antique Weapon Shop.
  7763 | D:6      | Bought a jewelled battleaxe for 230 gold pieces
  7764 | D:6      | Identified the +5 battleaxe of Plunder {speed, rN+ Int+4} (You bought it in a shop on level 6 of the Dungeon)
  7797 | D:6      | Reached skill level 7 in Armour
  8009 | D:6      | Gained mutation: You have a pair of antennae on your head. [demonic ancestry]
  8009 | D:6      | Reached XP level 9. HP: 58/68 MP: 14/14
  8054 | D:6      | Found Hirrav's Food Emporium.
  8157 | D:6      | Reached skill level 5 in Axes
  8324 | D:6      | Noticed BTG's ghost (novice HuAs)
  8371 | D:6      | Banished BTG's ghost
  8429 | D:7      | Gained mutation: You are weak. (Str -2) [mutagenic meat]
  8430 | D:7      | Gained mutation: Your magical capacity is low (-10% MP). [mutagenic meat]
  8431 | D:7      | Gained mutation: Your flesh is heat resistant. [mutagenic meat]
  8432 | D:7      | Lost mutation: Your spells are a little harder to cast, but a little more powerful. [mutagenic meat]
  8433 | D:7      | Lost mutation: Your flesh is heat resistant. [potion of cure mutation]
  8433 | D:7      | Lost mutation: Your magical capacity is low (-10% MP). [potion of cure mutation]
  8433 | D:7      | Lost mutation: You are weak. (Str -2) [potion of cure mutation]
  8433 | D:7      | Lost mutation: Potions and wands are less effective at restoring your health. [potion of cure mutation]
  8479 | D:7      | Reached skill level 8 in Armour
  8899 | D:7      | Found a basalt altar of Yredelemnul.
  9153 | D:7      | Found a sparkling altar of Nemelex Xobeh.
  9385 | D:7      | HP: 3/69 [killer bee (3)]
  9385 | D:7      | HP: 1/69 [killer bee (2)]
  9851 | D:8      | Reached **** piety under Lugonu
  9881 | D:8      | Gained mutation: Your movements are slightly less encumbered by armour (ER -2). [potion of mutation]
  9881 | D:8      | Gained mutation: You regenerate slowly when monsters are visible. [potion of mutation]
  9882 | D:8      | Gained mutation: Your muscles are strong. (Str +2) [potion of mutation]
  9882 | D:8      | Gained mutation: Your spells are a little harder to cast, but a little more powerful. [potion of mutation]
  9882 | D:8      | Gained mutation: Your muscles are very strong. (Str +4) [potion of mutation]
  9951 | D:8      | Found a glowing silver altar of Zin.
  9967 | D:8      | Noticed an oklob plant
  9978 | D:8      | Killed an oklob plant
  9978 | D:8      | Gained mutation: You are mostly covered in large bone plates (AC +3, SH +3). [demonic ancestry]
  9978 | D:8      | Reached XP level 10. HP: 35/76 MP: 16/16
 10176 | D:8      | Noticed Psyche
 10192 | D:8      | Killed Psyche
 10192 | D:8      | Reached skill level 9 in Armour
 10240 | D:7      | HP: 3/77 [poisoned by a water moccasin]
 10243 | D:7      | HP: 1/77 [poisoned by a water moccasin]
 10245 | D:7      | Succumbed to a water moccasin's poison

Skill      XL: |  1  2  3  4  5  6  7  8  9 10 |
---------------+-------------------------------+-----
Armour         | 2 3 4 5 7 8 9 |  9.1
Dodging        | 1 2 |  2.6
Axes           | 2 3 4 6 |  6.6
Fighting       | 4 5 6 |  6.4
Invocations    | 3 4 5 7 8 |  8.6
Evocations     | |  0.2

Action                   |  1- 3 |  4- 6 |  7- 9 | 10-12 || total
-------------------------+-------+-------+-------+-------++-------
Melee: Hand axe          |   122 |   278 |   307 |       ||   707
       Battleaxe         |       |       |   220 |    37 ||   257
       War axe           |       |       |    28 |       ||    28
Invok: Depart the Abyss  |     1 |       |       |       ||     1
       Banish            |       |       |     8 |       ||     8
Evoke: Wand              |       |     3 |       |       ||     3
  Use: Scroll            |     5 |     3 |     5 |       ||    13
       Potion            |       |     6 |     9 |     1 ||    16
 Stab: Invisible         |       |       |     2 |       ||     2
  Eat: Chunk             |     2 |     8 |    15 |       ||    25
       Beef jerky        |       |     1 |       |       ||     1
       Bread ration      |       |       |     2 |     1 ||     3
       Meat ration       |       |       |     1 |       ||     1
Armor: Leather armour    |    10 |       |       |       ||    10
       Plate armour      |   101 |   291 |   495 |    36 ||   923
       Skin              |       |     7 |       |       ||     7
Dodge: Dodged            |    41 |    71 |   183 |    18 ||   313
Block: Other             |       |       |    16 |    12 ||    28
